 Dungeon Crawl Stone Soup version 0.31.0-32-g396128a36d (webtiles) character file.

Game seed: 5351361753602142839

240 Henri the Sneak (level 6, 0/28 HPs)
             Began as a Vine Stalker Enchanter on Mar 30, 2024.
             Slain by a bullfrog (8 damage)
             ... on level 3 of the Dungeon.
             The game lasted 00:07:11 (2941 turns).

Henri the Sneak (Vine Stalker Enchanter)            Turns: 2941, Time: 00:07:11

Health: 0/28       AC:  2    Str: 10    XL:     6   Next: 8%
Magic:  0/11       EV: 12    Int: 22    God:
Gold:   7          SH:  0    Dex: 15    Spells: 3/11 levels left

rFire   . . .        a - +1 dagger
rCold   + . .        (no shield)
rNeg    . . .        n - +0 robe of Mumblety Peg {rC+ Int+5}
rPois   .            (no helmet)
rElec   .            (no cloak)
rCorr   .            (no gloves)
SInv    .            (no boots)
Will    .....        (no amulet)
Stlth   +++          (no ring)
HPRegen 1.04/turn    (no ring)
MPRegen 0.12/turn

%: guardian spirit
@: no status effects
A: fangs 2, regeneration 1, magic shield, antimagic bite, no potion heal 2
a: no special abilities


You were on level 3 of the Dungeon.
You visited 1 branch of the dungeon, and saw 4 of its levels.

You collected 138 gold pieces.
You spent 131 gold pieces at shops.

Inventory:

Hand Weapons
 a - a +1 dagger (weapon)
Missiles
 o - 10 poisoned darts (quivered)
Armour
 e - a +0 buckler
 n - the +0 robe of Mumblety Peg (worn) {rC+ Int+5}
   (You bought it in a shop on level 2 of the Dungeon)

   Int+5:     It affects your intelligence (+5).
   rC+:       It protects you from cold.
Wands
 l - a wand of flame (29)
Scrolls
 f - a scroll of blinking
 h - a scroll of teleportation
 j - a scroll of enchant weapon {unknown}
 m - a scroll of butterflies {unknown}
 p - a scroll of noise {unknown}
Potions
 c - 2 potions of invisibility
 d - a potion of degeneration
 g - 2 potions of magic
 i - a potion of enlightenment {unknown}
 k - a potion of lignification {unknown}
 q - a potion of curing {unknown}


   Skills:
 * Level 3.1 Short Blades
 - Level 1.5 Dodging
 * Level 5.7 Stealth
 + Level 3.1 Spellcasting
 + Level 3.7 Hexes


You had 3 spell levels left.
You knew the following spells:

 Your Spells              Type           Power      Damage    Failure   Level
a - Confusing Touch       Hex            20%        N/A       8%          3
b - Ensorcelled Hibernat  Hex/Ice        22%        N/A       9%          2
c - Tukima's Dance        Hex            20%        N/A       8%          3

Your spell library contained the following spells:

 Spells                   Type           Power      Damage    Failure   Level
 Dazzling Flash           Conj/Hex       22%        N/A       17%         3


Dungeon Overview and Level Annotations

Branches:
Dungeon (4/15)
 Temple: D:4-7

Altars:
Elyvilon

Shops:
D:2 [

Annotations:
D:4 Robin


Innate Abilities, Weirdness & Mutations

You have extremely sharp teeth.
Your natural rate of healing is unusually fast.
When hurt, damage is shared between your health and your magic reserves.
Your bite disrupts and absorbs the magic of your enemies.
Potions cannot restore your health.


Message History

You kill the hound!
You have reached level 6!
You start resting.
A hound is nearby!
Casting: Ensorcelled Hibernation (safe; 9% risk of failure)
Confirm with . or Enter, or press ? or * to list all spells.
Aiming: Ensorcelled Hibernation (safe; 9% risk of failure)
Press: ? - help, Shift-Dir - straight line, f - hound
Aim: a hound (wandering, hasn't noticed you, chance to affect: 53%)
The hound barks!
The hound resists with significant effort.
You hear a shout! x2
A bullfrog comes into view.
Casting: Ensorcelled Hibernation (safe; 9% risk of failure)
Confirm with . or Enter, or press ? or * to list all spells.
Aiming: Ensorcelled Hibernation (safe; 9% risk of failure)
Press: ? - help, Shift-Dir - straight line, f/p - hound
Aim: a hound (chance to affect: 53%)
The hound resists with significant effort.
The bullfrog gives a loud, deep croak!
You hear a shout!
Unknown command.
Unknown command.
The hound bites you.
A hobgoblin comes into view.
You hit the hound but do no damage. The hound bites you.
You hit the hound but do no damage. The hound bites you.
You barely miss the hound. You bite the hound, but do no damage.
The hound bites you. The bullfrog hits you. The hound misses you.
The bullfrog barely misses you. The hound closely misses you.
You climb upwards.
There is a stone staircase leading down here.
You hit the bullfrog.
The bullfrog is lightly wounded.
The bullfrog hits you!
You hit the bullfrog. Your punch misses the bullfrog.
The bullfrog is moderately wounded.
The bullfrog hits you!
* * * LOW HITPOINT WARNING * * *
The bullfrog hits you!
You die...

### ..# ..# ).# ..#
#######################
......................#
#####################.###
..............hF@# #...#
.######..###.#.### ###.#
.####....# #.#.# #.#
.##...#.## #.#.# #.#
.##.###.# #.#.# #.# .##.#
#.# #.#.# #.# .##.# #.#
#.#.# #.# ....# #.# #.#.#
#.# ..### #.# #.#.# #.#


You could see a bullfrog and a hound.

Vanquished Creatures
  A hound (D:4)
  Natasha (thrice) (D:2)
  A gnoll (D:1)
  4 adders
  4 dart slugs
  2 ribbon worms
  An orc (D:3)
  7 ball pythons
  3 endoplasms
  3 giant cockroaches
  8 goblins
  3 hobgoblins
  10 jackals
  6 kobolds
  3 quokkas
  7 bats
  4 frilled lizards
  5 rats
  A spectral kobold (D:2)
76 creatures vanquished.

Notes
Turn   | Place    | Note
-------+----------+-------------------------------------------
     0 | D:1      | Henri the Vine Stalker Enchanter began the quest for the
                  | Orb.
     0 | D:1      | Reached XP level 1. HP: 9/9 MP: 4/4
    38 | D:1      | Reached skill level 1 in Short Blades
   162 | D:1      | Reached XP level 2. HP: 13/13 MP: 6/6
   200 | D:1      | Reached skill level 4 in Stealth
   489 | D:1      | Reached XP level 3. HP: 15/16 MP: 4/7
   796 | D:1      | Learned a level 2 spell: Ensorcelled Hibernation
   800 | D:1      | Learned a level 3 spell: Confusing Touch
   939 | D:2      | Reached XP level 4. HP: 15/21 MP: 2/9
  1264 | D:2      | Noticed Natasha
  1354 | D:2      | Killed Natasha
  1470 | D:2      | Found Tiesocs's Antique Armour Shoppe.
  1611 | D:2      | Noticed Natasha
  1614 | D:2      | Killed Natasha
  1615 | D:2      | Reached skill level 5 in Stealth
  1615 | D:2      | Reached XP level 5. HP: 24/24 MP: 7/10
  1701 | D:2      | Noticed Natasha
  1713 | D:2      | Killed Natasha
  1811 | D:2      | Found a faded altar of an unknown god.
  2063 | D:3      | Found a white marble altar of Elyvilon.
  2160 | D:3      | Learned a level 3 spell: Tukima's Dance
  2797 | D:2      | Bought a faintly humming robe for 131 gold pieces
  2797 | D:2      | Identified the +0 robe of Mumblety Peg {rC+ Int+5} (You
                  | bought it in a shop on level 2 of the Dungeon)
  2855 | D:4      | Noticed Robin
  2917 | D:4      | Reached XP level 6. HP: 28/28 MP: 4/11
  2941 | D:3      | Slain by a bullfrog

Illustrated notes

Levels and vault maps discovered:
D:1:      tekkud_arrival_beachfront_property, layout_basic,
          palyth_stone_intersect, minmay_misc_feat_square, dk_noncrumbling_4
D:2:      layout_basic, dreamdust_ecumenical_altar_drowned_temple, serial_shops,
          shop, uniq_natasha
D:3:      layout_basic, lemuel_tele_altar
D:4:      layout_cave_pods, mainiacjoe_overflow_six_doors_small, minivault_5,
          serial_park_tiny_pond, chequers_serial_rivers_small_b, uniq_robin,
          uniq_menkaure

Skill      XL: |  1  2  3  4  5 |
---------------+----------------+-----
Short Blades   | 1 2 3 |  3.1
Stealth        | 4 5 |  5.7
Spellcasting   | 3 |  3.1
Dodging        | |  1.5
Hexes          | |  3.7

Action                     |  1- 3 |  4- 6 || total
---------------------------+-------+-------++-------
  Melee: Dagger            |   104 |   133 ||   237
         Bite              |    25 |    32 ||    57
         Punch             |     2 |       ||     2
   Cast: Ensorcelled Hiber |     7 |    15 ||    22
    Use: Scroll            |       |     4 ||     4
   Stab: Sleeping          |     8 |    14 ||    22
 Armour: Robe              |    46 |    64 ||   110
  Dodge: Dodged            |    70 |    76 ||   146
